Map: Pillars of Gold LE

Players

RazerBlader - Winner!

  • Race: Terran Terran
  • League: Master
  • Spawn Location: 1:00

Seither

  • Race: Terran Terran
  • League: Grandmaster
  • Spawn Location: 7:00

Event: DreamHack SC2 Masters 2020 Winter

VOD

Have the link to the VOD?

Description

Time

  • Played on: Oct. 25, 2020, 5:30 a.m.
  • Length: 13:20

All games in this series

Show
View Real Time Build Order
Export as new Build Order

RazerBlader Terran - Winner!

Build Orders:  

Get SALT Encoding   

  12  0:00  SCV  
  13  0:12  SCV  
  14  0:17  Supply Depot  
  14  0:24  SCV  
  15  0:39  SCV  
  15  0:40  Barracks  
  16  0:46  Refinery  
  16  0:51  SCV  
  17  1:01  Barracks  
  17  1:04  SCV  
  18  1:17  SCV  
  19  1:28  Supply Depot  
  19  1:29  Reaper  
  20  1:35  Orbital Command  
  20  1:48  Barracks  
  20  1:51  Reaper  
  21  2:07  Reaper  
  22  2:11  SCV  
  22  2:14  Refinery  
  23  2:15  Supply Depot  
  23  2:24  Reaper  
  23  2:27  SCV  
  25  2:39  SCV  
  25  2:41  Reaper  
  27  2:50  Reaper  
  28  2:51  SCV  
  29  2:59  Reaper  
  29  3:03  SCV  
  31  3:14  Reaper  
  31  3:15  SCV  
  33  3:22  Supply Depot  
  33  3:23  Reaper, Command Center  
  34  3:28  SCV  
  35  3:37  Factory  
  35  3:46  Supply Depot, Reaper  
  36  3:48  SCV  
  36  3:58  Reaper  
  36  4:00  SCV  
  37  4:03  Reaper  
  37  4:07  Supply Depot  
  38  4:16  SCV  
  39  4:19  Reaper  
  40  4:25  Factory Tech Lab  
  40  4:28  SCV  
  41  4:37  Orbital Command  
  41  4:40  SCV  
  42  4:46  Cyclone  
  42  4:49  Engineering Bay  
  42  4:50  Marine  
  42  4:52  SCV  
  47  4:57  Starport  
  47  4:58  Marine x2  
  45  5:08  Marine  
  45  5:09  SCV  
  45  5:10  SCV  
  46  5:16  Marine  
  50  5:21  SCV  
  50  5:22  SCV  
  50  5:24  Barracks Tech Lab  
  50  5:27  Missile Turret  
  51  5:29  Missile Turret  
  51  5:32  Barracks Reactor  
  51  5:33  SCV  
  49  5:36  SCV  
  49  5:42  Stimpack, Marine  
  51  5:50  Command Center  
  51  5:51  Factory Tech Lab  
  51  5:54  Barracks Reactor, Starport Reactor  
  51  5:55  SCV  
  52  5:57  SCV  
  51  6:07  SCV  
  51  6:09  SCV  
  52  6:15  Marine x3  
  52  6:16  Siege Tank  
  58  6:19  SCV  
  58  6:20  Refinery  
  58  6:22  SCV, Refinery  
  60  6:31  SCV  
  61  6:32  Marine  
  61  6:33  Terran Infantry Weapons Level 1, Marine  
  61  6:34  SCV, Marine x2  
  66  6:44  SCV, Engineering Bay  
  66  6:45  Marine  
  66  6:46  SCV  
  69  6:50  Marine  
  69  6:51  Marine  
  69  6:53  Barracks  
  71  6:54  Barracks  
  71  6:56  SCV, Marine x2  
  71  6:58  SCV  
  75  7:02  Orbital Command  
  75  7:03  Marine  
  75  7:06  Siege Tank  
  75  7:08  SCV, Marine x2  
  80  7:09  Medivac  
  80  7:12  Medivac  
  80  7:13  Marine  
  87  7:17  Terran Infantry Armor Level 1  
  87  7:22  Marine x2  
  87  7:25  Combat Shield  
  87  7:26  Marine  
  87  7:27  SCV  
  91  7:34  Marine x2  
  93  7:45  Marine x2, Siege Tank  
  93  7:47  Orbital Command  
  93  7:48  Medivac  
  100  7:55  Medivac  
  95  8:01  Marine x2  
  95  8:02  Marine  
  82  8:08  Marine  
  85  8:16  Marine  
  85  8:18  Medivac, Marine x2  
  85  8:19  SCV x2  
  92  8:20  SCV, Marine  
  92  8:24  Armory, Barracks Reactor x2  
  92  8:26  Marine  
  93  8:31  SCV x2  
  93  8:32  SCV, Medivac  
  98  8:34  Marine  
  98  8:36  Marine  
  98  8:38  Supply Depot  
  100  8:43  SCV  
  101  8:50  Refinery  
  101  8:51  Supply Depot  
  101  8:53  Supply Depot  
  101  8:59  Marine x3, Siege Tank  
  101  9:00  SCV  
  101  9:01  SCV  
  101  9:02  Supply Depot  
  109  9:03  Supply Depot, Refinery  
  109  9:07  Sensor Tower  
  109  9:13  SCV, Marine x5  
  109  9:15  Supply Depot  
  116  9:17  Marine  
  116  9:19  Terran Infantry Weapons Level 2  
  116  9:21  Marine x2  
  116  9:24  Terran Infantry Armor Level 2  
  118  9:26  Marine  
  118  9:31  Marine x2  
  120  9:35  SCV, Marine  
  120  9:37  SCV  
  124  9:39  SCV  
  124  9:41  Marine, Siege Tank  
  129  9:47  SCV, Marine x2  
  129  9:48  Marine  
  129  9:50  Terran Vehicle Weapons Level 1, Medivac  
  129  9:51  SCV x2  
  137  9:55  Supply Depot  
  137  9:56  Marine  
  137  9:57  Marine x2  
  139  10:00  Marine  
  139  10:06  Factory  
  139  10:07  Marine x2  
  141  10:16  Marine x5  
  141  10:17  Marine  
  141  10:20  Siege Tank  
  147  10:24  Marine  
  147  10:25  Marine  
  147  10:27  Marine  
  149  10:34  Supply Depot, Marine x5  
  153  10:42  Marine  
  151  10:47  Marine  
  151  10:50  Factory Tech Lab  
  151  10:51  Marine  
  151  10:54  Command Center, Marine x2  
  154  10:59  Siege Tank  
  154  11:00  Marine  
  154  11:01  SCV  
  154  11:02  Marine  
  154  11:03  Marine  
  161  11:14  Marine x2  
  163  11:18  SCV  
  163  11:20  Marine  
  163  11:24  Supply Depot, Siege Tank  
  163  11:25  Supply Depot  
  168  11:26  Marine  
  168  11:29  Marine  
  168  11:31  Supply Depot  
  168  11:32  Marine  
  172  11:42  Siege Tank  
  172  11:43  Sensor Tower  
  172  11:44  Marine  
  177  11:52  Marine  
  177  11:54  Supply Depot  
  176  11:59  SCV  
  173  12:06  Marine  
  173  12:07  Marine x2  
  173  12:08  Siege Tank  
  141  12:11  Marine  
  141  12:13  Marine x2  
  136  12:16  Marine x2  
  137  12:26  Marine, Siege Tank  
  137  12:27  Marine x3  
  137  12:29  Marine  
  145  12:31  Marine x2  
  145  12:34  Marine x2  
  145  12:44  Marine x3  
  145  12:45  Marine, Siege Tank  
  145  12:46  Marine  
  145  12:49  Marine x2  
  137  12:51  Marine x2  
  133  13:02  Marine  
Show
View Real Time Build Order
Export as new Build Order

Seither Terran 

Build Orders:  

Get SALT Encoding   

  12  0:00  SCV  
  13  0:14  Supply Depot  
  13  0:19  SCV  
  14  0:35  Barracks  
  14  0:42  Refinery  
  14  0:56  Barracks  
  14  1:01  SCV  
  15  1:13  SCV  
  16  1:24  Reaper  
  17  1:27  Orbital Command  
  17  1:41  Supply Depot  
  17  1:44  Reaper  
  18  1:50  Refinery  
  18  1:55  SCV  
  19  2:02  Reaper  
  19  2:07  SCV  
  21  2:18  Reaper  
  21  2:19  SCV  
  23  2:32  SCV  
  23  2:34  Reaper  
  25  2:46  Factory  
  25  2:48  SCV  
  25  2:51  Supply Depot  
  26  2:55  Reaper  
  27  3:00  SCV  
  28  3:12  SCV  
  29  3:23  Command Center  
  29  3:24  SCV  
  30  3:31  Hellion  
  32  3:37  SCV  
  32  3:40  Starport  
  32  3:49  SCV  
  32  3:57  Factory Tech Lab  
  32  4:01  SCV, Hellion  
  35  4:07  Supply Depot  
  35  4:14  SCV  
  36  4:19  Starport Tech Lab  
  36  4:25  Hellion  
  36  4:29  SCV  
  39  4:36  Supply Depot, Orbital Command  
  39  4:41  Raven  
  39  4:43  SCV  
  42  4:50  Factory Tech Lab  
  42  4:56  Barracks Reactor  
  42  5:00  Orbital Command  
  39  5:08  Cyclone  
  39  5:11  SCV  
  43  5:19  Refinery  
  41  5:26  Command Center  
  41  5:30  Raven  
  43  5:35  SCV  
  43  5:36  SCV  
  43  5:40  Refinery  
  45  5:43  Marine x2  
  45  5:44  Siege Tank  
  45  5:48  SCV x2  
  52  6:00  SCV x2  
  52  6:01  Marine x2  
  56  6:12  SCV x2  
  61  6:26  SCV x2, Siege Tank  
  61  6:27  Barracks  
  61  6:28  Barracks  
  61  6:32  Engineering Bay  
  63  6:33  Engineering Bay  
  63  6:36  Viking x2  
  63  6:38  Marine  
  68  6:40  SCV  
  68  6:41  SCV  
  68  6:44  Orbital Command  
  70  6:53  SCV x2  
  75  7:01  Siege Tank  
  75  7:04  Terran Infantry Weapons Level 1, Terran Infantry Armor Level 1  
  75  7:05  SCV x2  
  75  7:08  Barracks Tech Lab  
  77  7:17  Viking x2  
  77  7:18  Barracks Reactor x2  
  81  7:23  SCV x2  
  81  7:28  Orbital Command  
  83  7:34  Marine  
  84  7:38  Supply Depot x2, Stimpack  
  84  7:40  SCV x2  
  85  7:55  SCV x2  
  85  7:58  SCV  
  85  8:00  Viking x2, Siege Tank  
  76  8:09  Marine x3  
  76  8:10  Marine x2  
  76  8:13  SCV x2  
  76  8:19  Barracks  
  78  8:23  Supply Depot, Barracks  
  78  8:30  Marine x3  
  81  8:36  Siege Tank  
  81  8:39  Liberator x2  
  90  8:42  Orbital Command  
  90  8:48  Sensor Tower  
  90  8:49  Marine x2  
  90  8:50  Marine x3  
  90  8:54  SCV x2  
  96  9:06  Armory  
  96  9:07  Barracks Reactor, Marine x2  
  96  9:09  Siege Tank  
  101  9:12  Barracks Reactor  
  101  9:17  Missile Turret x2  
  101  9:18  SCV  
  101  9:19  SCV, Missile Turret  
  101  9:23  Marine x2  
  101  9:24  Marine  
  105  9:37  Medivac x2  
  109  9:41  Combat Shield  
  109  9:44  Supply Depot  
  109  9:45  Supply Depot, Marine x6  
  109  9:51  Marine x2  
  117  9:57  SCV x3  
  120  10:03  Orbital Command  
  120  10:07  Marine x5  
  120  10:12  SCV x2  
  120  10:13  Siege Tank  
  130  10:14  Medivac x2  
  129  10:33  Marine x6, Sensor Tower  
  135  10:42  Terran Infantry Armor Level 2, Terran Infantry Weapons Level 2  
  132  10:46  SCV x3, Refinery  
  132  10:47  Refinery  
  135  10:55  Marine x6  
  141  11:00  Supply Depot  
  141  11:01  Supply Depot  
  141  11:04  SCV  
  141  11:20  Terran Vehicle Weapons Level 1, Supply Depot, Command Center  
  141  11:21  SCV x2, Supply Depot, Liberator x2  
  149  11:27  Marine x5  
  149  11:28  Marine  
  149  11:29  Missile Turret  
  155  11:33  Supply Depot, Missile Turret  
  155  11:36  Supply Depot  
  155  11:37  Factory  
  155  11:39  Barracks Reactor  
  155  11:41  Siege Tank  
  158  11:51  Marine x6  
  158  12:03  Marine x2  
  116  12:08  Marine  
  116  12:09  Marine x4  
  116  12:11  Marine  
  116  12:15  Siege Tank  
  118  12:16  Viking x2  
  118  12:21  Marine x2  
  124  12:26  Marine x3  
  124  12:27  Marine x4  
  124  12:29  Marine  
  130  12:33  Siege Tank  
  131  12:39  Marine x2  
  127  12:44  Marine x4  
  127  12:45  Marine  
  127  12:47  Marine x3, Siege Tank  
  127  12:49  SCV x4  
  105  12:57  Marine x2  
  100  13:01  SCV x2  
  100  13:02  Marine x2  
Tags
 
Add a new tag
Caveats
  • Supply blocks, unpowered buildings, or Contaminate may cause inaccurate times.
  • Supply counts are checked every 10 seconds.